 Dungeon Crawl Stone Soup version 0.22.1-1-ga44c0e56f4 (webtiles) character file.

221 Ihlosi the Ducker (level 6, -3/72 HPs)
             Began as a Human Gladiator on Nov 8, 2018.
             Killed from afar by an orc wizard (7 damage)
             ... with a puff of flame
             ... on level 3 of the Dungeon.
             The game lasted 00:08:41 (3374 turns).

Ihlosi the Ducker (Human Gladiator)                 Turns: 3374, Time: 00:08:42

Health: -3/72      AC: 23    Str: 14    XL:     6   Next: 19%
Magic:  6/6        EV:  2    Int:  9    God:
Gold:   92         SH:  0    Dex: 16    Spells: 5/5 levels left

rFire    . . .     SeeInvis .   a - +0 long sword
rCold    . . .     Gourm    .   (no shield)
rNeg     + + +     Faith    .   (armour currently unavailable)
rPois    +         Spirit   .   (helmet currently unavailable)
rElec    .         Reflect  .   (cloak currently unavailable)
rCorr    .         Harm     .   (gloves currently unavailable)
MR       .....     NoTele   +   (boots currently unavailable)
Stlth    +.........             (no amulet)
HPRegen  0.22/turn              (no ring)
MPRegen  0.10/turn              (no ring)

@: confused, tree-form, very slightly contaminated, invisible
A: no striking features
a: no special abilities


You were on level 3 of the Dungeon.
You were not hungry.
You were a tree.
You visited 1 branch of the dungeon, and saw 3 of its levels.

You collected 92 gold pieces.

Inventory:

Hand Weapons
 a - a +0 long sword (weapon)
Missiles
 d - a throwing net (quivered)
Armour
 b - a +0 leather armour (melded)
 c - a +0 helmet (melded)
Scrolls
 e - 2 scrolls of remove curse
 g - 2 scrolls of magic mapping {unknown}
 h - 6 scrolls of identify {unknown}
 k - a scroll of teleportation {unknown}
 l - a scroll of immolation {unknown}
 o - a scroll of blinking {unknown}
Potions
 j - a potion of lignification
 m - a potion of brilliance {unknown}
 q - 2 potions of mutation {unknown}
 s - a potion of agility {unknown}
Comestibles
 f - 5 rations


   Skills:
 * Level 3.9 Fighting
 - Level 3.0 Long Blades
 - Level 2.0 Throwing
 - Level 3.0 Armour
 + Level 4.1 Dodging
 - Level 1.0 Stealth


You had 5 spell levels left.
You didn't know any spells.
Your spell library was empty.

Dungeon Overview and Level Annotations

Branches:
Dungeon (3/15)

Altars:


Message History

The puff of flame hits you!
* * * LOW HITPOINT WARNING * * *
You are confused.
You're too confused to move!
The orc wizard gestures at you while chanting.
You are more confused.
You're too confused to move!
The orc wizard gestures at you while chanting.
The magic dart hits you!
* * * LOW HITPOINT WARNING * * *
It was a potion of invisibility.
You fade into invisibility!
You are very lightly contaminated with residual magic.
It was a potion of lignification.
You turn into a tree.
Your +0 helmet melds into your body.
Your +0 leather armour melds into your body.
Your roots penetrate the ground.
The orc wizard gestures at you while chanting.
The puff of flame hits you!
You die...

#.##.##.# #...#...###[.###..#
#.#...#)# ##...##....<.....#.#
#.......# #..#.....###..####.#
###...#### #.##.#.#.###..# #.#
## #...##.## #..#............
..# .#
#...#...####...###############
.###........####.## #...(.#
....>........###.## ###.....#
............o...♣.###.......#
###
..)..........##.#..##.#.....#
#..
<###........###....##.#.....#
#.# ####...#...##
##......####### #.# #.....[..##
###.#### #.# #.#...#)##
#.######## #..
#.#...#.#########........# #####
#...÷....#......########.###...#
#..####.[#<# #.......#


You could see an orc wizard.

Vanquished Creatures
  A gnoll shaman (D:2)
  An orc wizard (D:3)
  Jessica (D:2)
  3 gnolls
  2 adders
  2 worms (D:2)
  4 dart slugs
  5 leopard geckos
  4 orcs
  3 giant cockroaches
  5 goblins
  6 hobgoblins
  5 jackals
  2 quokkas (D:2)
  9 bats
  4 frilled lizards
  4 kobolds (D:2)
  12 rats
73 creatures vanquished.

Notes
Turn   | Place    | Note
-------+----------+-------------------------------------------
     0 | D:1      | Ihlosi the Human Gladiator began the quest for the Orb.
     0 | D:1      | Reached XP level 1. HP: 16/16 MP: 1/1
   272 | D:1      | Reached XP level 2. HP: 13/22 MP: 2/2
   525 | D:1      | Reached skill level 1 in Armour
   810 | D:1      | Reached XP level 3. HP: 25/28 MP: 3/3
  1511 | D:1      | Reached XP level 4. HP: 20/34 MP: 4/4
  1867 | D:2      | Noticed Jessica
  1870 | D:2      | Killed Jessica
  2114 | D:2      | Reached XP level 5. HP: 40/40 MP: 5/5
  2374 | D:3      | Reached skill level 1 in Stealth
  3026 | D:3      | Reached skill level 4 in Dodging
  3081 | D:3      | Reached XP level 6. HP: 34/47 MP: 6/6
  3374 | D:3      | Killed from afar by an orc wizard

Skill      XL: |  1  2  3  4  5 |
---------------+----------------+-----
Armour         | 1 2 3 |  3.0
Fighting       | 3 |  3.9
Stealth        | 1 |  1.0
Dodging        | 4 |  4.1
Long Blades    | |  3.0
Throwing       | |  2.0

Action                   |  1- 3 |  4- 6 || total
-------------------------+-------+-------++-------
Melee: Long sword        |    87 |   135 ||   222
       Flail             |    14 |       ||    14
Throw: Throwing net      |       |     3 ||     3
  Use: Potion            |     1 |     5 ||     6
       Scroll            |     1 |       ||     1
 Stab: Sleeping          |     2 |     2 ||     4
       Distracted        |       |     1 ||     1
  Eat: Chunk             |     2 |     6 ||     8
Armor: Leather armour    |    37 |    48 ||    85
Dodge: Dodged            |    73 |    73 ||   146
       Rpst.: Long sword |    15 |    21 ||    36
